Map: Frozen Temple

Players

capac - Winner!

  • Race: Terran Terran
  • League: Gold

A.I. 1 (Elite)

  • Race: Zerg Zerg

VOD

Have the link to the VOD?

Description

Time

  • Played on: May 8, 2016, 9:35 a.m.
  • Length: 11:04
Show
View Real Time Build Order
Export as new Build Order

capac Terran - Winner!

Build Orders: Reaper Expand, MMM Bio 

Get SALT Encoding   

  12  0:02  SCV  
  14  0:14  SCV  
  14  0:18  Supply Depot  
  14  0:26  SCV  
  15  0:40  SCV  
  15  0:42  Barracks  
  16  0:46  Refinery  
  16  0:52  SCV  
  17  1:04  SCV  
  18  1:16  SCV  
  19  1:28  Orbital Command  
  19  1:30  Reaper  
  20  1:42  Command Center  
  20  1:53  Supply Depot  
  20  1:54  SCV  
  21  2:01  Marine  
  22  2:08  Factory  
  22  2:10  SCV  
  23  2:23  Barracks  
  23  2:24  SCV  
  23  2:25  Barracks Reactor  
  24  2:37  Refinery  
  24  2:39  SCV  
  25  2:51  SCV  
  26  2:54  Factory Tech Lab  
  26  2:58  Barracks  
  26  3:01  Orbital Command  
  26  3:07  Marine, Bunker  
  26  3:08  Marine  
  28  3:15  Siege Tank  
  28  3:19  SCV  
  32  3:25  Barracks Tech Lab  
  32  3:31  SCV  
  32  3:32  SCV  
  34  3:41  Refinery  
  34  3:42  Marine x2  
  34  3:43  SCV  
  34  3:44  SCV  
  38  3:55  Supply Depot  
  38  4:01  Starport  
  35  4:17  SCV x2  
  35  4:18  Marine x2  
  35  4:19  Marine  
  35  4:23  Siege Tank  
  43  4:29  SCV x2  
  45  4:36  Barracks Reactor  
  45  4:41  SCV  
  45  4:42  SCV  
  45  4:43  Medivac  
  49  4:48  Supply Depot  
  49  4:49  Marine x3  
  49  4:51  Stimpack  
  52  4:54  SCV  
  52  4:55  SCV  
  54  5:05  Supply Depot  
  54  5:09  SCV x2  
  54  5:14  Supply Depot  
  56  5:15  Starport Reactor  
  56  5:18  Marine x4  
  60  5:21  Marine, SCV x2  
  63  5:31  Supply Depot  
  63  5:36  Marine x3  
  63  5:37  Engineering Bay, Marine  
  63  5:38  Engineering Bay  
  63  5:40  SCV  
  63  5:41  SCV  
  69  5:45  Supply Depot  
  69  5:53  SCV x2  
  69  5:54  Refinery  
  71  6:01  Medivac x2  
  75  6:05  Siege Tank  
  75  6:11  Supply Depot  
  78  6:13  Terran Infantry Weapons Level 1  
  78  6:14  Terran Infantry Armor Level 1  
  78  6:16  SCV  
  78  6:17  SCV  
  80  6:28  SCV  
  80  6:29  SCV  
  80  6:31  Supply Depot  
  82  6:39  Medivac x2  
  86  6:40  Barracks x2  
  86  6:42  Siege Tank  
  86  6:43  Marine  
  86  6:44  Marine  
  86  6:46  Marine  
  92  6:47  Marine  
  92  6:48  Marine  
  94  6:56  Supply Depot  
  94  7:06  Marine  
  94  7:07  Marine, Command Center  
  96  7:27  SCV x2  
  96  7:29  Marine x3  
  101  7:30  Marine x2, Barracks Reactor x2  
  101  7:36  Liberator x2  
  103  7:46  Marine  
  103  7:47  Marine x2  
  103  7:48  Marine  
  107  7:56  Siege Tank  
  107  7:57  Marine  
  117  8:04  Marine x2  
  117  8:05  Marine  
  120  8:09  Supply Depot  
  120  8:16  Marine  
  120  8:17  Marine x5  
  126  8:22  Marine x3, Combat Shields  
  129  8:36  Supply Depot  
  129  8:38  Armory  
  125  9:03  Marine  
  125  9:04  Supply Depot, Marine x8  
  123  9:24  Marine  
  123  9:25  Marine x2  
  126  9:44  Marine  
  126  9:45  Marine x8  
  134  10:02  Marine  
Show
View Real Time Build Order
Export as new Build Order

A.I. 1 (Elite) Zerg 

Build Orders: Pool First 

Get SALT Encoding   

  12  0:00  Drone  
  13  0:12  Overlord  
  13  0:17  Drone  
  14  0:30  Drone  
  15  0:39  Spawning Pool  
  15  0:41  Drone  
  15  0:46  Drone  
  16  0:50  Drone  
  16  0:53  Extractor  
  16  0:55  Drone  
  17  1:06  Drone  
  18  1:17  Drone  
  19  1:26  Queen  
  19  1:28  Roach Warren  
  19  1:29  Drone  
  21  1:38  Zergling x2  
  22  1:49  Overlord  
  22  1:59  Overlord  
  22  2:10  Roach  
  24  2:21  Roach  
  26  2:27  Hatchery  
  25  2:33  Roach, Drone  
  25  2:35  Roach  
  30  2:43  Roach  
  32  2:54  Roach  
  34  3:05  Overlord, Roach  
  34  3:06  Roach  
  38  3:23  Roach  
  42  3:27  Roach  
  42  3:36  Overlord, Roach x2  
  42  3:38  Roach  
  42  3:39  Roach  
  50  3:49  Zergling x2  
  50  4:07  Lair  
  44  4:13  Zergling x2  
  39  4:18  Extractor  
  39  4:20  Extractor, Drone  
  39  4:22  Drone  
  39  4:26  Drone  
  39  4:30  Drone  
  41  4:33  Drone  
  41  4:37  Drone  
  43  4:40  Drone  
  43  4:44  Drone  
  45  4:48  Drone  
  45  4:51  Drone  
  47  4:55  Drone  
  47  4:59  Drone  
  49  5:01  Drone  
  49  5:05  Drone  
  49  5:06  Hydralisk Den  
  50  5:08  Drone  
  50  5:12  Drone  
  52  5:17  Overlord  
  52  5:20  Drone  
  53  5:22  Drone  
  53  5:25  Drone  
  53  5:27  Drone  
  56  5:33  Drone  
  57  5:38  Drone  
  58  5:43  Overlord, Drone x2  
  58  5:45  Drone  
  58  5:49  Drone  
  62  5:56  Drone  
  63  5:59  Drone  
  64  6:04  Ravager, Evolution Chamber  
  64  6:06  Drone  
  64  6:10  Ravager, Overlord  
  66  6:15  Hydralisk  
  67  6:18  Hydralisk  
  67  6:21  Hydralisk  
  67  6:25  Hydralisk  
  71  6:27  Drone  
  71  6:30  Drone  
  71  6:31  Zerg Ground Armor Level 1  
  71  6:32  Overlord  
  75  6:34  Hatchery  
  74  6:40  Drone  
  74  6:42  Drone  
  74  6:46  Hydralisk  
  77  6:47  Roach, Drone  
  77  6:52  Zergling x2  
  77  6:53  Overlord  
  82  7:02  Lurker Den  
  82  7:03  Evolution Chamber, Drone  
  82  7:04  Drone  
  83  7:13  Drone  
  83  7:14  Drone  
  85  7:17  Pneumatized Carapace  
  85  7:18  Overlord, Hydralisk, Roach  
  89  7:25  Roach x2  
  89  7:28  Zerg Missile Weapons Level 1  
  93  7:35  Hydralisk x2  
  97  7:37  Spine Crawler  
  97  7:38  Extractor  
  97  7:41  Overseer  
  95  7:45  Overlord  
  95  7:46  Drone  
  95  7:47  Drone  
  95  7:50  Drone  
  95  7:51  Drone x2  
  100  7:56  Drone  
  100  7:57  Drone  
  102  7:59  Drone  
  102  8:04  Glial Reconstitution  
  103  8:06  Spine Crawler  
  103  8:07  Drone  
  103  8:08  Drone  
  103  8:09  Drone  
  105  8:13  Queen  
  105  8:14  Burrow  
  105  8:17  Overlord  
  105  8:19  Drone  
  108  8:20  Drone  
  108  8:22  Drone x3  
  112  8:28  Drone  
  112  8:29  Lurker x2, Drone  
  112  8:32  Drone  
  117  8:37  Hatchery, Extractor  
  117  8:39  Overlord  
  117  8:40  Drone  
  116  8:43  Drone  
  117  8:50  Drone  
  117  8:51  Drone  
  117  8:54  Zergling x4, Drone  
  122  8:57  Baneling Nest  
  122  9:01  Drone x2  
  117  9:04  Hydralisk  
  92  9:11  Roach  
  92  9:12  Extractor, Roach  
  92  9:16  Roach  
  71  9:18  Drone x5  
  71  9:22  Zergling x2, Roach, Drone  
  71  9:23  Zergling x2, Drone  
  65  9:27  Drone  
  54  9:33  Drone  
  54  9:34  Drone  
  54  9:36  Roach  
  54  9:38  Drone  
  48  9:42  Hydralisk Den  
  48  9:43  Baneling, Roach  
  48  9:44  Roach  
  45  9:46  Drone  
  45  9:47  Drone  
  45  9:48  Zergling x2  
  45  9:50  Zergling x2  
  44  9:57  Roach  
  44  9:58  Drone  
  38  10:00  Hydralisk Den  
  31  10:12  Drone  
  20  10:20  Roach  
  18  10:23  Drone  
  18  10:26  Drone  
  18  10:29  Hydralisk  
  18  10:31  Hydralisk  
  22  10:42  Drone  
  11  10:48  Drone  
Tags
 
Add a new tag
Caveats
  • Supply blocks, unpowered buildings, or Contaminate may cause inaccurate times.
  • Supply counts are checked every 10 seconds.